 Dungeon Sprint DCSS version 0.25.1-9-gc5326a611f (webtiles) character file.

Game seed: 8466121136218960947

449 Travesty312 the Basher (level 6, -3/58 HPs)
             Began as a Minotaur Gladiator on July 22, 2021.
             Was an Initiate of Nemelex Xobeh.
             Slain by Sonja
             ... wielding a +0 short sword of distortion
              (4 damage)
             ... in the Dungeon (Sprint I: "Red Sonja").
             The game lasted 00:04:02 (517 turns).

Travesty312 the Basher (Minotaur Gladiator)          Turns: 517, Time: 00:04:04

Health: -3/58      AC:  3    Str: 20    XL:     6   Next: 74%
Magic:  5/5        EV: 17    Int:  5    God:    Nemelex Xobeh [......]
Gold:   297        SH:  0    Dex: 12    Spells: 5/5 levels left

rFire    . . .     SeeInvis .   l - +0 scythe (flame)
rCold    . . .     Gourm    .   (shield currently unavailable)
rNeg     . . .     Faith    .   b - +0 leather armour
rPois    .         Spirit   .   c - +0 hat
rElec    .         Reflect  .   (no cloak)
rCorr    .         Harm     .   (no gloves)
MR       .....     NoTele   +   (no boots)
Stlth    +.........             m - amulet of the acrobat
HPRegen  0.19/turn              (no ring)
MPRegen  0.09/turn              (no ring)

@: no status effects
A: retaliatory headbutt, horns 2
a: Draw Escape, Draw Destruction, Draw Summoning, Renounce Religion


You were in the Dungeon.
You worshipped Nemelex Xobeh.
Nemelex Xobeh was noncommittal.
You were not hungry.

You visited 1 branch You collected 297 gold pieces.

Inventory:

Hand Weapons
 a - a +0 flail
 l - a +0 scythe of flaming (weapon)
Missiles
 d - 3 throwing nets (quivered)
Armour
 b - a +0 leather armour (worn)
 c - a +0 hat (worn)
Jewellery
 m - an amulet of the acrobat (around neck)
Scrolls
 k - a scroll of blinking
Potions
 e - a potion of curing
 h - a potion of haste
 i - 2 potions of magic
 j - a potion of berserk rage
Comestibles
 f - a ration


   Skills:
 + Level 6.9 Fighting
 + Level 11.1 Maces & Flails
 + Level 2.4 Polearms
 + Level 4.7 Throwing
 + Level 2.3 Armour
 + Level 9.9 Dodging


You had 5 spell levels left.
You didn't know any spells.
Your spell library was empty.

Dungeon Overview and Level Annotations

Branches:
Dungeon (1/1)

Altars:
Cheibriados
Dithmenos
Elyvilon
Fedhas
Gozag
Hepliaklqana
Kikubaaqudgha
Nemelex Xobeh
Okawaru
Qazlal
Ru
Sif Muna
Trog
Uskayaw
Vehumet
Wu Jian
Yredelemnul
Zin
The Shining One

Shops:
D !

Annotations:
D Sonja


Innate Abilities, Weirdness & Mutations

You reflexively headbutt those who attack you in melee.
You have a pair of horns on your head.


Message History

Sonja hits you with a +0 short sword of distortion.
Space bends around you.
You feel much better. Sonja closely misses you.
Sonja hits you with a +0 short sword of distortion.
Space bends around you.
Sonja hits you with a +0 short sword of distortion. x2
Sonja misses you. Sonja hits you but does no damage.
You miss Sonja.
Sonja is lightly wounded.
Sonja closely misses you.
Sonja hits you with a +0 short sword of distortion.
Space warps horribly around you!
* * * LOW HITPOINT WARNING * * *
Sonja hits you with a +0 short sword of distortion.
* * * LOW HITPOINT WARNING * * *
Space bends around you.
* * * LOW HITPOINT WARNING * * *
Sonja hits you with a +0 short sword of distortion.
You die...
Your body disappears without a glow.

#<.#..').#..'..#
#..').#..'[.#..+
#..#####'#####'#
#..####..#...#.#
#..#__####..##[#
#..#_____##'#_.+
#⌠⌠#_.∩...†..._#
####_..__##_.#+#
#_____###@#
####### #K# $.$
#$.$# ##.## #+#


You could see Sonja.

Vanquished Creatures
  Sigmund (D)
  A yak (D)
  An ogre (D)
  A jelly (D)
  Ijyb (D)
5 creatures vanquished.

Vanquished Creatures (others)
  A gargoyle (D)
1 creature vanquished.

Grand Total: 6 creatures vanquished

Notes
Turn   | Place    | Note
-------+----------+-------------------------------------------
     0 | D        | Travesty312 the Minotaur Gladiator began the quest for the
                  | Orb.
     0 | D        | Reached XP level 1. HP: 18/18 MP: 0/0
     2 | D        | Noticed Ijyb
     8 | D        | Killed Ijyb
     8 | D        | Reached skill level 5 in Maces & Flails
     8 | D        | Reached skill level 5 in Dodging
     8 | D        | Reached XP level 2. HP: 19/26 MP: 1/1
    92 | D        | Noticed an ogre
    97 | D        | Killed an ogre
    97 | D        | Reached skill level 7 in Maces & Flails
    97 | D        | Reached XP level 3. HP: 12/34 MP: 2/2
    97 | D        | Reached XP level 4. HP: 15/41 MP: 3/3
   207 | D        | Killed a gargoyle
   307 | D        | Noticed Sigmund
   314 | D        | Killed Sigmund
   314 | D        | Reached skill level 5 in Fighting
   314 | D        | Reached skill level 10 in Maces & Flails
   314 | D        | Reached skill level 1 in Armour
   314 | D        | Reached XP level 5. HP: 27/50 MP: 4/4
   314 | D        | Reached XP level 6. HP: 31/57 MP: 5/5
   451 | D        | Found an ornate altar of the Wu Jian Council.
   451 | D        | Found a shimmering blue altar of Sif Muna.
   453 | D        | Found a radiant altar of Vehumet.
   486 | D        | Found Jottom's Distillery.
   486 | D        | Found an ancient bone altar of Kikubaaqudgha.
   486 | D        | Found a hazy altar of Hepliaklqana.
   486 | D        | Found a stormy altar of Qazlal.
   486 | D        | Found a hide-covered altar of Uskayaw.
   486 | D        | Found a blossoming altar of Fedhas.
   486 | D        | Found a bloodstained altar of Trog.
   486 | D        | Found an iron altar of Okawaru.
   486 | D        | Found a basalt altar of Yredelemnul.
   486 | D        | Found a glowing golden altar of the Shining One.
   486 | D        | Found a snail-covered altar of Cheibriados.
   486 | D        | Found a sacrificial altar of Ru.
   486 | D        | Found a glowing silver altar of Zin.
   486 | D        | Found a shadowy altar of Dithmenos.
   486 | D        | Found a white marble altar of Elyvilon.
   486 | D        | Noticed a yak
   491 | D        | Killed a yak
   491 | D        | Reached skill level 11 in Maces & Flails
   492 | D        | Found an opulent altar of Gozag.
   493 | D        | Found a sparkling altar of Nemelex Xobeh.
   505 | D        | Became a worshipper of Nemelex Xobeh the Trickster
   513 | D        | Received a gift from Nemelex Xobeh
   513 | D        | Noticed Sonja
   517 | D        | HP: 1/58 [Sonja/+0 short sword of distortion (5)]
   517 | D        | Slain by Sonja

Illustrated notes

Levels and vault maps discovered:
D:        dungeon_sprint_1 [red_sonja_temple_1, red_sonja_temple_small_1]

Skill      XL: |  1  2  3  4  5  6 |
---------------+-------------------+-----
Fighting       | 3 4 5 6 |  6.9
Maces & Flails | 5 7 10 11 | 11.1
Dodging        | 5 7 8 9 |  9.9
Throwing       | 3 4 |  4.7
Armour         | 1 2 |  2.3
Polearms       | 2 |  2.4

Action                   |  1- 3 |  4- 6 || total
-------------------------+-------+-------++-------
Melee: Flail             |     9 |     6 ||    15
       Headbutt          |     2 |     5 ||     7
       Scythe            |       |     9 ||     9
  Use: Potion            |       |     1 ||     1
Armor: Leather armour    |     2 |     2 ||     4
Dodge: Dodged            |     5 |    19 ||    24
